 Dungeon Crawl Stone Soup version 0.24.0-13-gcf9b319 (webtiles) character file.

Game seed: 540973595735637109, levelgen mode: deterministic

90 southernslant the Poker (level 4, 0/35 HPs)
             Began as a Merfolk Skald on Jan 15, 2020.
             Succumbed to an orc wizard's poison
             ... on level 3 of the Dungeon.
             The game lasted 00:04:57 (1897 turns).

southernslant the Poker (Merfolk Skald)             Turns: 1897, Time: 00:04:58

Health: 0/35       AC:  3    Str: 12    XL:     4   Next: 56%
Magic:  1/7        EV: 13    Int: 12    God:
Gold:   173        SH:  0    Dex: 13    Spells: 4/7 levels left

rFire    . . .     SeeInvis .   a - +0 spear
rCold    . . .     Gourm    .   (no shield)
rNeg     . . .     Faith    .   b - +0 leather armour
rPois    .         Spirit   .   (no helmet)
rElec    .         Reflect  .   (no cloak)
rCorr    .         Harm     .   (no gloves)
MR       .....                  (no boots)
Stlth    +.........             (no amulet)
HPRegen  0.11/turn              (no ring)
MPRegen  0.10/turn              (no ring)

@: lethally poisoned (0 -> -27), singing
A: change form in water, swift swim, stealthy swim
a: no special abilities


You were on level 3 of the Dungeon.
You were not hungry.

You visited 1 branch of the dungeon, and saw 3 of its levels.

You collected 173 gold pieces.

Inventory:

Hand Weapons
 a - a +0 spear (weapon)
Missiles
 i - 110 stones (quivered)
 m - 4 boomerangs
Armour
 b - a +0 leather armour (worn)
 r - a cursed +0 leather armour
Wands
 t - a wand of digging (2)
Scrolls
 f - 5 scrolls of identify {unknown}
 j - a scroll of enchant armour {unknown}
 o - a scroll of enchant weapon {unknown}
 p - a scroll of teleportation {unknown}
 q - a scroll of magic mapping {unknown}
 s - a scroll of remove curse {unknown}
Potions
 e - a potion of lignification {unknown}
 g - a potion of ambrosia {unknown}
 h - 2 potions of might {unknown}
 k - a potion of degeneration {unknown}
 l - a potion of agility {unknown}
 n - 2 potions of curing {unknown}
Comestibles
 d - 2 rations


   Skills:
 * Level 3.4 Fighting
 + Level 3.8 Polearms
 * Level 1.8 Armour
 + Level 3.4 Dodging
 - Level 2.0 Spellcasting
 - Level 3.2 Charms


You had 4 spell levels left.
You knew the following spells:

 Your Spells              Type           Power        Failure   Level  Hunger
a - Infusion              Chrm           #...         9%          1    ##.....
b - Song of Slaying       Chrm           #.......     14%         2    ###....

Your spell library contained the following spells:

 Spells                   Type           Power        Failure   Level  Hunger
 Shroud of Golubria       Chrm/Tloc      #.....       26%         2    ###....
 Regeneration             Chrm/Necr      #.........   47%         3    ####...
 Spectral Weapon          Hex/Chrm       #.......     47%         3    ####...


Dungeon Overview and Level Annotations

Branches:
Dungeon (3/15)

Altars:


Message History

The orc warrior is lightly wounded.
Something hits you.
You are lethally poisoned!
The orc hits you with a +0 falchion. The orc closely misses you.
You barely miss the orc warrior.
The orc warrior is lightly wounded.
* * * LOW HITPOINT WARNING * * *
You feel sick. The orc warrior misses you. Something hits you.
* * * LOW HITPOINT WARNING * * *
You are more poisoned.
The orc hits you with a +0 falchion.
* * * LOW HITPOINT WARNING * * *
The orc completely misses you.
* * * LOW HITPOINT WARNING * * *
You feel sick. Something hits you but does no damage.
You are more poisoned.
* * * LOW HITPOINT WARNING * * *
You feel very sick.
You are no longer magically infusing your attacks.
You die...

..............## #........#......
###...........# ##...............
#............##................
###........##.....#..............
..........##.#.....<.............
..........# ##................#..
..........###.................#..
....)#........................###
#....##......#..@.o...........#
#....##....###................#
#....##...#......†oo............
#....##...#........).............
#.........#.......##.............
#.........#.......##............
#.........#.......##........
#.........#.......##........
#.............######........


You could see an orc warrior and 2 orcs.

Vanquished Creatures
  5 adders (D:2)
  A leopard gecko (D:2)
  An orc (D:3)
  A ball python (D:2)
  7 bats
  2 giant cockroaches
  4 hobgoblins
  6 jackals (D:2)
  A quokka (D:2)
  5 frilled lizards
  4 kobolds
  6 rats (D:1)
43 creatures vanquished.

Notes
Turn   | Place    | Note
-------+----------+-------------------------------------------
     0 | D:1      | southernslant the Merfolk Skald began the quest for the
                  | Orb.
     0 | D:1      | Reached XP level 1. HP: 16/16 MP: 3/3
   288 | D:1      | Reached skill level 1 in Armour
   368 | D:1      | Reached XP level 2. HP: 22/23 MP: 5/5
   372 | D:1      | Learned a level 2 spell: Song of Slaying
   888 | D:2      | Reached XP level 3. HP: 24/28 MP: 2/6
  1271 | D:2      | Reached XP level 4. HP: 33/35 MP: 3/7
  1883 | D:3      | Noticed an orc warrior
  1897 | D:3      | Succumbed to an orc wizard's poison

Levels and vault maps discovered:
D:1:      dpeg_arrival_prison, layout_rooms, serial_co_window_serial,
          co_window_paths_a, co_window_corner_a, co_window_paths_a,
          co_window_paths_a, co_window_of_opportunity_a, co_window_corner_b,
          co_window_of_opportunity_b, co_window_broadway_a
D:2:      layout_loops_ring, kennysheep_flooded_box
D:3:      layout_basic, minmay_bisected, uniq_robin

Skill      XL: |  1  2  3 |
---------------+----------+-----
Armour         | 1 |  1.8
Dodging        | 3 |  3.4
Fighting       | 3 |  3.4
Polearms       | |  3.8
Spellcasting   | |  2.0
Charms         | |  3.2

Action                   |  1- 3 |  4- 6 || total
-------------------------+-------+-------++-------
Melee: Spear             |   135 |    44 ||   179
 Cast: Infusion          |     2 |     5 ||     7
       Song of Slaying   |     3 |     2 ||     5
 Stab: Sleeping          |     1 |       ||     1
  Eat: Chunk             |     2 |     2 ||     4
Armor: Leather armour    |    35 |     4 ||    39
Dodge: Dodged            |    87 |    31 ||   118
